 Dungeon Crawl Stone Soup version 0.26-a0-478-g6c97825307 (webtiles) character file.

Game seed: 14205560944507888892

198 Infinimo the Insei (level 5, 0/37 HPs)
             Began as a Demonspawn Transmuter on Aug 1, 2020.
             Slain by an orc
             ... wielding a +0 dagger
              (5 damage)
             ... on level 3 of the Dungeon.
             The game lasted 00:06:02 (5032 turns).

Infinimo the Insei (Demonspawn Transmuter)          Turns: 5032, Time: 00:06:02

Health: 0/37       AC:  2    Str: 11    XL:     5   Next: 47%
Magic:  8/8        EV: 14    Int: 15    God:
Gold:   164        SH:  0    Dex: 13    Spells: 5/8 levels left

rFire    . . .     SeeInvis +   e - -2 hunting sling (curse)
rCold    + . .     Faith    .   (no shield)
rNeg     . . .     Spirit   .   a - +0 robe
rPois    .         Reflect  .   (no helmet)
rElec    .         Harm     .   (no cloak)
rCorr    .                      (no gloves)
MR       .....                  (no boots)
Stlth    +.........             (no amulet)
HPRegen  0.12/turn              j - ring of see invisible
MPRegen  0.11/turn              m - ring of protection from cold

@: no status effects
A: hooves 1, repulsion field 1, demonic guardian 1
a: no special abilities


You were on level 3 of the Dungeon.
You visited 1 branch of the dungeon, and saw 3 of its levels.

You collected 164 gold pieces.

Inventory:

Hand Weapons
 e - a cursed -2 hunting sling (weapon)
 k - a +3 dagger of venom
Missiles
 h - 5 stones (quivered)
Armour
 a - a +0 robe (worn)
Jewellery
 j - a ring of see invisible (left hand)
 m - a ring of protection from cold (right hand)
Scrolls
 n - 3 scrolls of identify
 r - a scroll of remove curse
Potions
 b - a potion of resistance {unknown}
 c - 2 potions of might
 d - 2 potions of stabbing
 f - 3 potions of mutation
 g - a potion of haste {unknown}
 i - 2 potions of degeneration
 l - 2 potions of flight
 o - a potion of experience {unknown}
 p - 2 potions of curing {unknown}
 q - a potion of lignification {unknown}


   Skills:
 - Level 1.0 Fighting
 - Level 1.7 Dodging
 + Level 4.4 Unarmed Combat
 - Level 2.0 Spellcasting
 + Level 3.9 Transmutations


You had 5 spell levels left.
You knew the following spells:

 Your Spells              Type           Power        Failure   Level
a - Beastly Appendage     Tmut           ##....       4%          1
b - Wereblood             Tmut           ##......     7%          2

Your spell library contained the following spells:

 Spells                   Type           Power        Failure   Level
 Spider Form              Tmut/Pois      #.........   30%         3
 Ice Form                 Ice/Tmut       #.......     69%         4
 Blade Hands              Tmut           ##........   77%         5


Dungeon Overview and Level Annotations

Branches:
Dungeon (3/15)

Altars:

Annotations:
D:2 Terence
D:3 Sigmund


Innate Abilities, Weirdness & Mutations

You have large cloven feet.
You are surrounded by a mild repulsion field. (EV +2)
A weak demonic guardian rushes to your aid.


Message History

The orc hits you with a +0 dagger. The orc hits you with a +0 club.
You see here a stone.
You clumsily bash the orc but do no damage.
The orc hits you with a +0 dagger. x2
* * * LOW HITPOINT WARNING * * *
The orc hits you with a +0 dagger.
* * * LOW HITPOINT WARNING * * *
The orc hits you with a +0 club.
* * * LOW HITPOINT WARNING * * *
A frilled lizard comes into view.
The frilled lizard hisses angrily.
The orc hits you with a +0 club.
* * * LOW HITPOINT WARNING * * *
The orc hits you with a +0 dagger.
* * * LOW HITPOINT WARNING * * *
You see here a scroll of remove curse.
r - a scroll of remove curse The orc hits you with a +0 dagger.
You die...

#.....# #....
#.....# #..#.
#.....###.(#.
##............
............#(
########........#.
#...............#.
#(..............#.
#@lo....(......(..
#loo............#.
#..o............##
#.......(.......#
########........#
##########


You could see 4 orcs, a leopard gecko and a frilled lizard.

Vanquished Creatures
  An ogre (D:2)
  4 adders
  A worm (D:2)
  2 dart slugs (D:1)
  2 leopard geckos
  4 orcs (D:3)
  2 ball pythons (D:2)
  7 bats
  A giant cockroach (D:2)
  7 goblins
  7 hobgoblins
  2 jackals (D:2)
  14 kobolds
  A quokka (D:2)
  2 frilled lizards
  5 rats
62 creatures vanquished.

Vanquished Creatures (collateral kills)
  Jessica (D:2)
  A worm (D:2)
  An orc (D:3)
3 creatures vanquished.

Grand Total: 65 creatures vanquished

Notes
Turn   | Place    | Note
-------+----------+-------------------------------------------
     0 | D:1      | Infinimo the Demonspawn Transmuter began the quest for the
                  | Orb.
     0 | D:1      | Reached XP level 1. HP: 15/15 MP: 3/3
   176 | D:1      | Reached skill level 3 in Unarmed Combat
   211 | D:1      | Gained mutation: A weak demonic guardian rushes to your
                  | aid. [demonic ancestry]
   211 | D:1      | Reached XP level 2. HP: 10/21 MP: 3/5
   481 | D:1      | HP: 1/21 [hobgoblin/+0 club (7)]
  1176 | D:1      | Learned a level 2 spell: Wereblood
  1197 | D:2      | Reached XP level 3. HP: 20/26 MP: 2/6
  2342 | D:2      | Gained mutation: You are surrounded by a mild repulsion
                  | field. (EV +2) [demonic ancestry]
  2342 | D:2      | Reached XP level 4. HP: 29/32 MP: 3/7
  3171 | D:3      | Noticed Jessica
  3171 | D:3      | Noticed an ogre
  3174 | D:2      | Killed Jessica
  3422 | D:2      | Killed an ogre
  3422 | D:2      | Reached skill level 4 in Unarmed Combat
  3422 | D:2      | Gained mutation: You have large cloven feet. [demonic
                  | ancestry]
  3422 | D:2      | Reached XP level 5. HP: 29/37 MP: 8/8
  4668 | D:3      | Noticed Terence
  4680 | D:3      | Noticed Sigmund
  5032 | D:3      | Slain by an orc

Illustrated notes

Levels and vault maps discovered:
D:1:      lightli_arrival_windingriver, layout_rooms
D:2:      layout_basic, minmay_misc_feat_hallway
D:3:      layout_basic, uniq_jessica, uniq_terence, uniq_sigmund

Skill      XL: |  1  2  3  4 |
---------------+-------------+-----
Transmutations | 2 3 |  3.9
Unarmed Combat | 3 4 |  4.4
Fighting       | |  1.0
Dodging        | |  1.7
Spellcasting   | |  2.0

Action                   |  1- 3 |  4- 6 || total
-------------------------+-------+-------++-------
Melee: Unarmed           |    96 |    39 ||   135
       Kick              |    13 |     5 ||    18
       Headbutt          |    10 |     3 ||    13
       Hunting sling     |       |     3 ||     3
 Fire: Hunting sling     |       |   111 ||   111
 Cast: Beastly Appendage |    24 |     9 ||    33
       Wereblood         |    10 |     8 ||    18
  Use: Scroll            |       |    10 ||    10
 Stab: Sleeping          |       |     1 ||     1
Armor: Robe              |    12 |    20 ||    32
Dodge: Dodged            |    72 |   117 ||   189

Table legend: (Time is in decaauts)
 A = Elapsed time spent in this place.
 B = Non-inter-level travel time spent in this place.
 C = Inter-level travel time spent in this place.
 D = Time resting spent in this place.
 E = Time spent auto-exploring this place.
 F = Levels seen in this place.
 G = Mean time per level.
                   A        B        C        D        E       F      G
               +--------+--------+--------+--------+--------+-----+--------+
         Total |   5051 |   4836 |    215 |    497 |   3518 |   3 | 1683.7 |
       Dungeon |   5051 |   4836 |    215 |    497 |   3518 |   3 | 1683.7 |
               +--------+--------+--------+--------+--------+-----+--------+

Top non-repeatable levels by time:
     D:2: 2767 daAuts
     D:1: 1187 daAuts
     D:3: 1095 daAuts
